[ AOE2 MATCH · #505692355 ]
UnrankedChinese vs Mongols
Player's team · WIN
Rival team · LOSS
[ REPLAY ANALYSIS · EXTRACTED FROM THE RECORDED GAME ]
Feudal
8:20
Castle
23:44
Imperial
—
| APM avg | 63.1 |
| APM peak | 105 |
| eAPM avg | 28.6 |
| Villagers / military | 91 / 95 |
Focus
⚔️ 47.6% · 🌾 52.4%
Spearman ×40 · Archer ×29 · Skirmisher ×16 · Fire Lancer ×4 · Battering Ram ×3 · Iron Pagoda ×2
Feudal
8:31
Castle
22:36
Imperial
—
| APM avg | 90.4 |
| APM peak | 154 |
| eAPM avg | 48.1 |
| Villagers / military | 90 / 77 |
Focus
⚔️ 66.0% · 🌾 34.0%
Knight ×26 · Scorpion ×21 · Skirmisher ×9 · Scout Cavalry ×9 · Archer ×7 · Militia ×4
Match map
Initial resources + every placement click. Lines = walls · curves = elevation contours. ◆ gold · ⬟ stone · ● berries · ✦ relic · ◌ wall gap
Your base· Open — 2t gap
Zni.Locuss's base· Open — 3t gap
Smoothed initial terrain · ◌ = detected wall gap · hover for details
Inputs per minute
— wisenatic - - Zni.Locuss
Build order — wisenatic
First 150 of 296 actions detected
| 0:00 | Research | Loom |
| 0:41 | Create | Villager (Male) |
| 1:04 | Create | Villager (Male) |
| 1:28 | Create | Villager (Male) |
| 1:49 | Create | Villager (Male) |
| 2:08 | Create | Villager (Male) |
| 2:27 | Build | Lumber Camp |
| 2:41 | Create | Villager (Male) |
| 2:42 | Create | Villager (Male) |
| 3:10 | Create | Villager (Male) |
| 3:25 | Create | Villager (Male) |
| 3:25 | Create | Villager (Male) |
| 3:26 | Create | Villager (Male) |
| 3:26 | Create | Villager (Male) |
| 3:41 | Build | House |
| 4:46 | Create | Villager (Male) |
| 4:53 | Build | Mining Camp |
| 5:16 | Create | Villager (Male) |
| 5:40 | Create | Villager (Male) |
| 6:10 | Research | Feudal Age |
| 6:10 | Research | Feudal Age |
| 6:10 | Research | Feudal Age |
| 6:10 | Research | Feudal Age |
| 7:00 | Build | Barracks |
| 7:37 | Build | House |
| 7:59 | Create | Villager (Male) |
| 8:20 | Age | Feudal Age |
| 8:30 | Build | Palisade Wall |
| 8:32 | Build | Palisade Wall |
| 8:35 | Create | Villager (Male) |
| 8:43 | Build | Archery Range |
| 8:48 | Build | Palisade Wall |
| 8:51 | Build | Palisade Wall |
| 8:59 | Create | Villager (Male) |
| 9:13 | Create | Villager (Male) |
| 9:22 | Build | House |
| 9:23 | Create | Archer |
| 9:25 | Create | Villager (Male) |
| 9:36 | Build | Palisade Gate |
| 9:39 | Create | Villager (Male) |
| 9:40 | Create | Villager (Male) |
| 9:40 | Create | Villager (Male) |
| 9:49 | Build | Blacksmith |
| 10:01 | Create | Villager (Male) |
| 10:16 | Create | Skirmisher |
| 10:29 | Create | Skirmisher |
| 10:32 | Build | Archery Range |
| 10:37 | Research | Fletching |
| 11:17 | Create | Villager (Male) |
| 11:25 | Create | Skirmisher |
| 11:25 | Create | Skirmisher |
| 11:30 | Build | House |
| 11:37 | Create | Skirmisher |
| 11:38 | Create | Skirmisher |
| 11:43 | Create | Villager (Male) |
| 12:03 | Build | House |
| 12:10 | Create | Villager (Male) |
| 12:27 | Build | House |
| 12:36 | Create | Skirmisher |
| 12:36 | Create | Skirmisher |
| 12:44 | Build | Mill |
| 13:09 | Create | Villager (Male) |
| 13:20 | Create | Villager (Male) |
| 13:25 | Build | Farm |
| 13:27 | Build | Farm |
| 13:27 | Build | Farm |
| 13:56 | Create | Villager (Male) |
| 13:59 | Create | Villager (Male) |
| 14:02 | Build | Farm |
| 14:03 | Build | Farm |
| 14:12 | Build | Farm |
| 14:13 | Build | Farm |
| 14:38 | Create | Villager (Male) |
| 14:41 | Create | Archer ×4 |
| 14:53 | Create | Skirmisher |
| 15:05 | Create | Villager (Male) |
| 15:25 | Build | Farm |
| 15:27 | Build | Farm |
| 15:34 | Create | Skirmisher |
| 15:34 | Create | Skirmisher |
| 15:37 | Build | Farm |
| 15:38 | Build | Farm |
| 15:59 | Create | Skirmisher |
| 16:01 | Create | Villager (Male) |
| 16:04 | Build | Farm |
| 16:06 | Build | Farm |
| 16:14 | Create | Villager (Male) |
| 16:16 | Build | Farm |
| 16:21 | Build | House |
| 16:34 | Build | Farm |
| 16:47 | Build | Farm |
| 16:50 | Create | Skirmisher |
| 16:51 | Create | Skirmisher |
| 16:52 | Create | Villager (Male) |
| 17:10 | Create | Skirmisher |
| 17:10 | Create | Skirmisher |
| 17:11 | Create | Villager (Male) |
| 17:17 | Build | House |
| 17:34 | Build | Farm |
| 17:35 | Create | Villager (Male) |
| 17:42 | Build | House |
| 18:07 | Create | Villager (Male) |
| 18:18 | Create | Villager (Male) |
| 18:23 | Create | Villager (Male) |
| 18:25 | Create | Villager (Male) |
| 18:36 | Build | Watch Tower |
| 18:40 | Create | Spearman |
| 18:41 | Create | Spearman |
| 19:26 | Create | Villager (Male) |
| 19:46 | Build | Farm |
| 19:53 | Create | Archer |
| 19:53 | Create | Archer |
| 20:04 | Build | Mill |
| 20:16 | Create | Villager (Male) |
| 20:30 | Create | Archer |
| 20:31 | Create | Archer |
| 20:35 | Build | House |
| 21:04 | Research | Castle Age |
| 21:04 | Research | Castle Age |
| 21:04 | Research | Castle Age |
| 21:38 | Build | Palisade Wall |
| 21:48 | Build | Palisade Wall |
| 21:55 | Build | Palisade Wall |
| 22:06 | Create | Villager (Male) |
| 22:15 | Create | Spearman |
| 22:17 | Create | Archer |
| 22:17 | Create | Archer |
| 22:52 | Create | Spearman |
| 22:52 | Create | Spearman |
| 22:53 | Create | Archer |
| 23:01 | Create | Villager (Male) |
| 23:21 | Create | Villager (Male) |
| 23:35 | Create | Spearman |
| 23:35 | Create | Spearman |
| 23:39 | Build | Farm |
| 23:44 | Age | Castle Age |
| 23:51 | Build | Barracks |
| 23:54 | Build | Monastery |
| 23:56 | Build | Farm |
| 23:57 | Build | Farm |
| 23:58 | Build | Farm |
| 23:59 | Build | Farm |
| 24:15 | Research | Pikeman (upgrade) |
| 24:15 | Research | Pikeman (upgrade) |
| 24:24 | Build | Lumber Camp |
| 24:33 | Create | Spearman |
| 24:34 | Create | Spearman |
| 24:41 | Create | Villager (Male) |
| 24:43 | Create | Spearman |
| 24:43 | Create | Spearman |
Build order — Zni.Locuss
First 150 of 261 actions detected
| 0:02 | Build | House |
| 0:04 | Build | House |
| 0:06 | Create | Villager (Male) ×4 |
| 1:18 | Create | Villager (Male) |
| 1:18 | Create | Villager (Male) |
| 1:49 | Create | Villager (Male) |
| 1:49 | Create | Villager (Male) |
| 2:23 | Create | Villager (Male) |
| 2:23 | Create | Villager (Male) |
| 2:25 | Build | Lumber Camp |
| 2:54 | Create | Villager (Male) |
| 2:54 | Create | Villager (Male) |
| 3:35 | Create | Villager (Male) |
| 3:38 | Build | House |
| 3:50 | Create | Villager (Male) |
| 3:51 | Create | Villager (Male) |
| 4:34 | Build | Mining Camp |
| 4:56 | Create | Villager (Male) |
| 5:24 | Create | Villager (Male) |
| 5:38 | Research | Loom |
| 5:48 | Build | Barracks |
| 6:11 | Research | Feudal Age |
| 6:11 | Research | Feudal Age |
| 6:43 | Create | Militia |
| 6:43 | Create | Militia |
| 6:44 | Create | Militia |
| 7:04 | Build | House |
| 7:26 | Create | Villager (Male) |
| 7:43 | Create | Militia |
| 7:59 | Build | Palisade Wall |
| 8:00 | Build | Palisade Wall |
| 8:04 | Build | Palisade Wall |
| 8:31 | Age | Feudal Age |
| 8:33 | Build | Archery Range |
| 8:35 | Research | Man-at-Arms (upgrade) |
| 8:36 | Research | Man-at-Arms (upgrade) |
| 8:37 | Create | Villager (Male) |
| 8:37 | Create | Villager (Male) |
| 9:07 | Create | Villager (Male) |
| 9:09 | Build | House |
| 9:27 | Create | Skirmisher |
| 9:30 | Build | House |
| 9:41 | Create | Skirmisher |
| 9:45 | Create | Villager (Male) |
| 9:46 | Build | Mill |
| 9:59 | Create | Skirmisher |
| 10:06 | Create | Villager (Male) |
| 10:22 | Build | Blacksmith |
| 10:34 | Create | Villager (Male) |
| 10:44 | Create | Skirmisher |
| 11:05 | Create | Archer |
| 11:28 | Create | Archer |
| 11:30 | Build | House |
| 11:31 | Research | Fletching |
| 11:40 | Create | Villager (Male) |
| 11:54 | Create | Villager (Male) |
| 12:04 | Create | Archer |
| 12:06 | Build | House |
| 12:12 | Create | Villager (Male) |
| 12:26 | Create | Skirmisher |
| 12:36 | Research | Padded Archer Armor |
| 13:14 | Create | Skirmisher |
| 13:15 | Build | Stable |
| 13:23 | Create | Villager (Male) |
| 13:28 | Create | Villager (Male) |
| 13:37 | Create | Villager (Male) |
| 13:54 | Create | Villager (Male) |
| 14:05 | Create | Skirmisher |
| 14:21 | Create | Skirmisher |
| 14:22 | Create | Scout Cavalry |
| 14:22 | Create | Scout Cavalry |
| 14:24 | Build | House |
| 14:26 | Build | Farm |
| 14:27 | Build | Farm |
| 15:09 | Create | Skirmisher |
| 15:15 | Build | House |
| 15:22 | Create | Villager (Male) |
| 15:24 | Build | Farm |
| 15:25 | Build | Farm |
| 15:37 | Create | Archer |
| 15:59 | Create | Archer |
| 16:00 | Create | Villager (Male) |
| 16:08 | Build | House |
| 16:12 | Create | Villager (Male) |
| 16:13 | Build | Farm |
| 16:14 | Build | Farm |
| 16:36 | Create | Scout Cavalry |
| 16:44 | Build | Farm |
| 16:45 | Build | Farm |
| 16:45 | Build | Farm |
| 17:03 | Build | House |
| 17:08 | Create | Archer |
| 17:10 | Create | Villager (Male) |
| 17:31 | Create | Villager (Male) |
| 17:33 | Build | Farm |
| 17:35 | Build | Farm |
| 17:43 | Create | Archer |
| 18:32 | Build | House |
| 18:34 | Research | Wheelbarrow |
| 18:38 | Build | Market |
| 18:47 | Create | Scout Cavalry |
| 18:47 | Create | Scout Cavalry |
| 19:34 | Build | Farm |
| 19:36 | Build | Farm |
| 19:56 | Research | Castle Age |
| 19:56 | Research | Castle Age |
| 19:58 | Build | Stable |
| 20:11 | Create | Scout Cavalry |
| 20:40 | Create | Scout Cavalry |
| 20:49 | Create | Scout Cavalry |
| 21:10 | Create | Scout Cavalry |
| 21:15 | Build | Mill |
| 21:22 | Research | Double-Bit Axe |
| 21:22 | Research | Double-Bit Axe |
| 21:57 | Research | Bloodlines |
| 21:57 | Research | Bloodlines |
| 22:24 | Research | Scale Barding Armor |
| 22:36 | Age | Castle Age |
| 22:38 | Create | Knight |
| 22:38 | Create | Knight |
| 22:41 | Create | Villager (Male) |
| 22:49 | Build | Siege Workshop |
| 23:00 | Create | Villager (Male) |
| 23:06 | Create | Knight |
| 23:07 | Create | Knight |
| 23:30 | Create | Villager (Male) |
| 23:53 | Create | Battering Ram |
| 23:56 | Create | Knight |
| 23:58 | Create | Villager (Male) |
| 24:05 | Create | Villager (Male) |
| 24:32 | Create | Villager (Male) |
| 25:07 | Build | Mining Camp |
| 25:21 | Create | Villager (Male) |
| 25:23 | Create | Villager (Male) |
| 25:29 | Build | House |
| 25:39 | Create | Knight |
| 25:39 | Create | Knight |
| 25:51 | Build | Palisade Wall |
| 25:52 | Build | Palisade Wall |
| 26:01 | Create | Knight |
| 26:07 | Create | Villager (Male) |
| 26:09 | Build | Lumber Camp |
| 26:19 | Create | Knight |
| 26:33 | Create | Knight |
| 26:33 | Create | Knight |
| 26:39 | Create | Scorpion |
| 26:56 | Create | Villager (Male) |
| 26:56 | Create | Villager (Male) |
| 27:06 | Create | Scorpion |
| 27:09 | Create | Villager (Male) |
Match timeline
| 5:48 | Zni.Locuss · first_building Barracks |
| 7:00 | wisenatic · first_building Barracks |
| 7:59 | Zni.Locuss · wall_segment Palisade Wall x1 |
| 8:00 | Zni.Locuss · wall_segment Palisade Wall x1 |
| 8:04 | Zni.Locuss · wall_segment Palisade Wall x1 |
| 8:20 | wisenatic · age_up feudal |
| 8:30 | wisenatic · wall_segment Palisade Wall x1 |
| 8:31 | Zni.Locuss · age_up feudal |
| 8:32 | wisenatic · wall_segment Palisade Wall x1 |
| 8:33 | Zni.Locuss · first_building Archery Range |
| 8:43 | wisenatic · first_building Archery Range |
| 8:48 | wisenatic · wall_segment Palisade Wall x1 |
| 8:51 | wisenatic · wall_segment Palisade Wall x1 |
| 13:15 | Zni.Locuss · first_building Stable |
| 19:51 | Zni.Locuss · first_market_buy 100 food |
| 19:51 | Zni.Locuss · first_market_sell 100 stone |
| 21:38 | wisenatic · wall_segment Palisade Wall x1 |
| 21:48 | wisenatic · wall_segment Palisade Wall x1 |
| 21:55 | wisenatic · wall_segment Palisade Wall x1 |
| 22:36 | Zni.Locuss · age_up castle |
| 22:49 | Zni.Locuss · first_building Siege Workshop |
| 23:44 | wisenatic · age_up castle |
| 23:54 | wisenatic · first_building Monastery |
| 25:03 | wisenatic · first_building Siege Workshop |
| 25:51 | Zni.Locuss · wall_segment Palisade Wall x1 |
| 25:52 | Zni.Locuss · wall_segment Palisade Wall x1 |
| 27:18 | wisenatic · wall_segment Palisade Wall x1 |
| 27:20 | wisenatic · wall_segment Palisade Wall x1 |
| 37:40 | Zni.Locuss · first_building Castle |
| 38:52 | Zni.Locuss · resign |
[ AI ANALYSIS · 1 CREDIT ]
What really happened in this match?
Wolo.gg analyzes every decision: build order, eco, micro, common mistakes by bracket. Personalized analysis on WhatsApp or Discord in 30 seconds.
Civ guide
Chinese
Perfil
Jugador #616906